 Dungeon Crawl Stone Soup version 0.29-a0-643-ga013cefcf8 (webtiles) character file.

Game seed: 11381878223564682054

8561 fernweh the Spear-Bearer (level 11, 0/83 HPs)
             Began as a Gnoll Wanderer on June 20, 2022.
             Killed from afar by Azrael (36 damage)
             ... with damnation
             ... on level 1 of the Orcish Mines.
             The game lasted 01:13:42 (10859 turns).

fernweh the Spear-Bearer (Gnoll Wanderer)          Turns: 10859, Time: 01:13:51

Health: 0/83       AC: 24    Str: 22    XL:     11   Next: 32%
Magic:  20/20      EV:  7    Int: 13    God:
Gold:   750        SH:  8    Dex:  8    Spells: 15/22 levels left

rFire   + + .      SeeInvis .   A - +6 spear (freeze)
rCold   + . .      Faith    .   P - +3 buckler
rNeg    . . .      Spirit   .   K - +8 plate armour "Ituuh" {Int+4}
rPois   .          Reflect  .   (no helmet)
rElec   .          Harm     .   I - scarf {rC+ rF+}
rCorr   .          Rampage  .   (no gloves)
Will    .....                   d - +2 pair of boots
Stlth   ..........              l - amulet of the acrobat
HPRegen 0.23/turn               f - ring of flight
MPRegen 0.17/turn               G - ring of protection from fire

@: flying, unable to read
A: fangs 1, strong nose, distributed training, hooves 1, inability to read while
threatened
a: no special abilities


You were on level 1 of the Orcish Mines.
You visited 3 branches of the dungeon, and saw 13 of its levels.

You collected 958 gold pieces.
You spent 208 gold pieces at shops.

Inventory:

Hand Weapons
 a - a +2 dagger of chaos
 b - a +0 hand crossbow
 k - a +1 hunting sling of freezing
 A - a +6 spear of freezing (weapon)
 J - a +2 spear of venom
 M - a +0 scythe of protection
 S - a +2 vorpal spear
Missiles
 s - 50 stones
 x - 3 throwing nets
 D - 2 javelins
 E - 9 boomerangs (quivered)
 O - 2 datura-tipped darts
 T - 2 poisoned darts
Armour
 d - a +2 pair of boots (worn)
 j - a +2 robe of the Archmagi
 q - a +1 chain mail of poison resistance
 I - a scarf of resistance (worn)
 K - the +8 plate armour "Ituuh" (worn) {Int+4}
   (You found it on level 6 of the Dungeon)

   Int:       It affects your intelligence (+4).
 P - a +3 buckler (worn)
Jewellery
 f - a ring of flight (left hand)
 l - an amulet of the acrobat (around neck)
 u - a ring of ice
 G - a ring of protection from fire (right hand)
Wands
 p - a wand of mindburst (11)
 B - a wand of polymorph (10)
 Q - a wand of flame (4)
Scrolls
 h - a scroll of magic mapping
 i - 2 scrolls of fear
 m - a scroll of vulnerability {unknown}
 r - 2 scrolls of brand weapon
 t - a scroll of summoning {unknown}
 w - 3 scrolls of blinking
 y - 3 scrolls of poison
 F - 3 scrolls of teleportation
 H - 2 scrolls of immolation
 L - a scroll of noise {unknown}
 N - a scroll of fog {unknown}
Potions
 n - a potion of heal wounds
 o - 3 potions of lignification
 v - 3 potions of curing
 z - 2 potions of attraction
 C - a potion of ambrosia


   Skills:
 + Level 6.7 Fighting
 + Level 6.2 Short Blades
 + Level 6.2 Long Blades
 + Level 6.2 Axes
 + Level 6.2 Maces & Flails
 + Level 10.5 Polearms
 + Level 6.2 Staves
 + Level 6.2 Slings
 + Level 6.2 Bows
 + Level 9.1 Crossbows
 + Level 6.2 Throwing
 + Level 7.8 Armour
 + Level 6.2 Dodging
 + Level 6.2 Stealth
 + Level 6.2 Shields
 + Level 6.2 Unarmed Combat
 + Level 6.2 Spellcasting
 + Level 5.1 Conjurations
 + Level 5.1 Hexes
 + Level 5.1 Summonings
 + Level 5.1 Necromancy
 + Level 5.1 Translocations
 + Level 5.1 Transmutations
 + Level 5.1 Fire Magic
 + Level 5.1 Ice Magic
 + Level 5.1 Air Magic
 + Level 5.1 Earth Magic
 + Level 5.1 Poison Magic
 + Level 6.8 Invocations
 + Level 6.2 Evocations


You had 15 spell levels left.
You knew the following spells:

 Your Spells              Type           Power      Damage    Failure   Level
a - Blink                 Tloc           34%        N/A       52%         2
b - Sting                 Tmut/Pois      68%        1d6       38%         1
c - Apportation           Tloc           34%        N/A       38%         1
d - Dazzling Flash        Conj/Hex       34%        N/A       77%         3

Your spell library contained the following spells:

 Spells                   Type           Power      Damage    Failure   Level
 Necrotize                Necr           68%        1d7       38%         1
 Shock                    Conj/Air       68%        1d7       38%         1
 Summon Small Mammal      Summ           68%        N/A       38%         1
 Poisonous Vapours        Pois/Air       34%        N/A       52%         2
 Call Canine Familiar     Summ           17%        N/A       77%         3
 Lesser Beckoning         Tloc           17%        N/A       77%         3
 Portal Projectile        Hex/Tloc       34%        N/A       77%         3
 Swiftness                Air            17%        N/A       77%         3
 Airstrike                Air            8%         N/A       99%         4
 Fulminant Prism          Conj/Hex       8%         3d7       99%         4
 Iskenderun's Mystic Bla  Conj/Tloc      17%        2d5       99%         4
 Leda's Liquefaction      Hex/Erth       8%         N/A       99%         4
 Olgreb's Toxic Radiance  Pois           17%        N/A       99%         4
 Agony                    Necr           17%        N/A       100%        5
 Alistair's Intoxication  Tmut/Pois      11%        N/A       100%        5
 Borgnjor's Vile Clutch   Necr/Erth      8%         N/A       100%        5
 Lee's Rapid Deconstruct  Erth           8%         3d8*      100%        5
 Manifold Assault         Tloc           17%        N/A       100%        5
 Silence                  Hex/Air        8%         N/A       100%        5
 Eringya's Noxious Bog    Tmut/Pois      8%         N/A       100%        6
 Malign Gateway           Summ/Tloc      8%         N/A       100%        7
 Summon Horrible Things   Summ           8%         N/A       100%        8


Dungeon Overview and Level Annotations

Branches:
Dungeon (10/15)            Temple (1/1) D:7             Orc (2/2) D:9
   Lair: D:8-11         Elf: Orc:2

Altars:
Ashenzari
Cheibriados
Dithmenos
Elyvilon
Fedhas
Gozag
Hepliaklqana
Okawaru

Shops:
D:3 =(   D:8 !   D:10 :

Annotations:
Orc:1 Azrael


Innate Abilities, Weirdness & Mutations

You have very sharp teeth.
Your uncanny sense of smell can sniff out nearby items.
Your experience applies equally to all skills.
You have large cloven feet.
You sometimes lose the ability to read scrolls when taking damage.


Message History

You puncture Azrael! You freeze Azrael. Your bite misses Azrael.
Azrael is severely wounded.
You barely miss Azrael.
Azrael is severely wounded.
You block Azrael's attack.
You feel much better. Azrael hits you but does no damage.
You hit Azrael. You freeze Azrael.
Azrael is severely wounded.
You hit Azrael but do no damage.
Azrael is severely wounded.
Azrael closely misses you.
You hit Azrael but do no damage. You bite Azrael, but do no damage.
Azrael is severely wounded.
Azrael gestures at you. The bolt of fire hits you! You resist.
You completely miss Azrael.
Azrael is severely wounded.
You hit Azrael but do no damage.
Azrael is severely wounded.
Azrael gestures at you.
The sticky flame hits you but does no damage.
You are covered in liquid flames!
You hit Azrael. You freeze Azrael.
Azrael is severely wounded.
You are covered in liquid flames!
You hit Azrael but do no damage.
Azrael is severely wounded.
You are covered in liquid flames!
Azrael gestures at you. You block the sticky flame.
You puncture Azrael! You freeze Azrael.
Azrael is almost dead.
You are covered in liquid flames!
You barely miss Azrael.
Azrael is almost dead.
You are covered in liquid flames!
You are no longer on fire.
Azrael gestures at you.
The sphere of damnation explodes!
The damnation engulfs you!!!
You die...

............#...........#
...........#...........## #####
...............#....#.## ##...#
....................##.### #.^...
..#......................####...#
####..#.#.................###....
....[[...........................
.................R....#..........
...............รท@....##..........
#..^.....>...................#...
..............).............###..
...........................##....
.............[<......##..........
.##..#.................[>).##..#.
#######........................##
##.##...................###
###.....#...............#.


You could see Azrael.

Vanquished Creatures
  Psyche (D:9)
  2 trolls
  A hornet (D:8)
  Grinder (D:3)
  A shadow (D:9)
  A vampire (D:9)
  2 fire elementals (Orc:2)
  A wyvern (D:7)
  11 yaks
  4 steam dragons
  3 wargs
  3 water moccasins
  5 hell hounds
  3 sky beasts
  An ogre (D:4)
  8 orc warriors
  A black bear (D:5)
  A centaur (D:10)
  2 phantoms
  2 bullfrogs
  A necrophage (D:8)
  A scorpion (D:6)
  2 gnoll sergeants
  8 wights
  6 killer bees (D:8)
  2 troll zombies (D:9)
  4 hounds
  2 jellies
  5 orc priests
  5 iguanas
  Ijyb (D:3)
  5 orc wizards
  6 ogre zombies (D:9)
  9 gnolls
  3 adders
  A shadow imp (D:5)
  A white imp (D:7)
  A worm (D:2)
  3 dart slugs
  22 orcs
  6 ball pythons
  3 bats
  5 endoplasms
  5 giant cockroaches
  9 hobgoblins
  5 jackals
  15 kobolds
  2 frilled lizards
  5 goblins
  3 goblin zombies (D:9)
  2 hobgoblin skeletons (D:9)
  3 hobgoblin zombies (D:9)
  2 orc skeletons (D:9)
  14 orc zombies (D:9)
  5 rats
226 creatures vanquished.

Vanquished Creatures (others)
  2 orc wizards
  2 orcs
  A hobgoblin skeleton (D:9)
5 creatures vanquished.

Grand Total: 231 creatures vanquished

Notes
Turn   | Place    | Note
-------+----------+-------------------------------------------
     0 | D:1      | fernweh the Gnoll Wanderer began the quest for the Orb.
     0 | D:1      | fernweh set off with the following items: a +2 spear, a +0
                  | hand crossbow, a +0 scale mail, a scroll of teleportation.
     0 | D:1      | Reached XP level 1. HP: 17/17 MP: 1/1
    44 | D:1      | Reached XP level 2. HP: 23/23 MP: 2/2
   626 | D:2      | Reached XP level 3. HP: 28/28 MP: 3/3
   804 | D:2      | Reached skill level 1 in Invocations
   922 | D:2      | You are sucked into a shaft and drop 2 floors!
   971 | D:4      | Learned a level 2 spell: Blink
  1053 | D:4      | Noticed an ogre
  1063 | D:3      | Noticed Ijyb
  1063 | D:3      | Noticed Grinder
  1213 | D:2      | Reached skill level 1 in Short Blades
  1213 | D:2      | Reached skill level 1 in Long Blades
  1213 | D:2      | Reached skill level 1 in Axes
  1213 | D:2      | Reached skill level 1 in Maces & Flails
  1213 | D:2      | Reached skill level 1 in Staves
  1213 | D:2      | Reached skill level 1 in Slings
  1213 | D:2      | Reached skill level 1 in Bows
  1213 | D:2      | Reached skill level 1 in Throwing
  1213 | D:2      | Reached skill level 1 in Dodging
  1213 | D:2      | Reached skill level 1 in Stealth
  1213 | D:2      | Reached skill level 1 in Shields
  1213 | D:2      | Reached skill level 1 in Unarmed Combat
  1213 | D:2      | Reached skill level 1 in Spellcasting
  1213 | D:2      | Reached skill level 1 in Evocations
  1436 | D:3      | Reached XP level 4. HP: 34/34 MP: 5/5
  1462 | D:3      | Found Weon's Jewellery Shoppe.
  1476 | D:3      | Noticed a sky beast
  1511 | D:2      | Killed a sky beast
  1512 | D:2      | Reached skill level 1 in Conjurations
  1512 | D:2      | Reached skill level 1 in Hexes
  1512 | D:2      | Reached skill level 1 in Summonings
  1512 | D:2      | Reached skill level 1 in Necromancy
  1512 | D:2      | Reached skill level 1 in Translocations
  1512 | D:2      | Reached skill level 1 in Transmutations
  1512 | D:2      | Reached skill level 1 in Fire Magic
  1512 | D:2      | Reached skill level 1 in Ice Magic
  1512 | D:2      | Reached skill level 1 in Air Magic
  1512 | D:2      | Reached skill level 1 in Earth Magic
  1512 | D:2      | Reached skill level 1 in Poison Magic
  1512 | D:2      | Reached XP level 5. HP: 22/41 MP: 5/7
  1518 | D:3      | Killed Ijyb
  1862 | D:3      | Paralysed by Grinder for 4 turns
  1876 | D:3      | HP: 2/41 [Grinder/nerve-wracking pain (8)]
  1879 | D:3      | Killed Grinder
  1880 | D:3      | Reached skill level 5 in Armour
  1880 | D:3      | Reached XP level 6. HP: 3/47 MP: 7/9
  2341 | D:3      | Found Acah's Weapon Emporium.
  2366 | D:3      | Bought a +2 spear of freezing for 208 gold pieces
  2386 | D:3      | Found a faded altar of an unknown god.
  2735 | D:4      | Reached XP level 7. HP: 52/52 MP: 10/10
  2930 | D:4      | Learned a level 1 spell: Sting
  3047 | D:5      | Entered Level 5 of the Dungeon
  3160 | D:5      | Gained mutation: You sometimes lose the ability to read
                  | scrolls when taking damage. [potion of mutation]
  3160 | D:5      | Gained mutation: You have large cloven feet. [potion of
                  | mutation]
  3306 | D:5      | Found a white marble altar of Elyvilon.
  3451 | D:5      | Reached skill level 9 in Polearms
  3769 | D:5      | Reached XP level 8. HP: 59/60 MP: 12/12
  4134 | D:6      | Found an iron altar of Okawaru.
  4371 | D:6      | Found a shadowy altar of Dithmenos.
  4748 | D:6      | Identified the +8 plate armour "Ituuh" {Int+4}
  4961 | D:6      | Noticed a boulder beetle
  5352 | D:7      | Noticed a yak
  5352 | D:7      | Noticed a yak
  5354 | D:7      | Noticed a yak
  5357 | D:7      | Noticed a yak
  5358 | D:7      | Killed a yak
  5359 | D:7      | Reached XP level 9. HP: 66/66 MP: 14/14
  5600 | D:7      | Found a staircase to the Ecumenical Temple.
  5616 | Temple   | Entered the Ecumenical Temple
  5708 | D:7      | Reached skill level 5 in Fighting
  6040 | D:7      | Reached skill level 5 in Invocations
  6415 | D:7      | Reached XP level 10. HP: 74/74 MP: 17/17
  6573 | D:8      | Reached skill level 5 in Short Blades
  6573 | D:8      | Reached skill level 5 in Long Blades
  6573 | D:8      | Reached skill level 5 in Axes
  6573 | D:8      | Reached skill level 5 in Maces & Flails
  6573 | D:8      | Reached skill level 5 in Staves
  6573 | D:8      | Reached skill level 5 in Slings
  6573 | D:8      | Reached skill level 5 in Bows
  6573 | D:8      | Reached skill level 5 in Throwing
  6573 | D:8      | Reached skill level 5 in Dodging
  6573 | D:8      | Reached skill level 5 in Stealth
  6573 | D:8      | Reached skill level 5 in Shields
  6573 | D:8      | Reached skill level 5 in Unarmed Combat
  6573 | D:8      | Reached skill level 5 in Spellcasting
  6573 | D:8      | Reached skill level 5 in Evocations
  6851 | D:8      | Paralysed by a hornet for 3 turns
  6857 | D:8      | Reached skill level 10 in Polearms
  7156 | D:8      | Learned a level 1 spell: Apportation
  7161 | D:8      | Found Zavo's Distillery.
  7346 | D:8      | Found an opulent altar of Gozag.
  7437 | D:8      | Found a broken altar of Ashenzari.
  7959 | D:9      | Noticed Psyche
  7973 | D:9      | Killed Psyche
  8086 | D:8      | Learned a level 3 spell: Dazzling Flash
  8679 | D:9      | Found a staircase to the Orcish Mines.
  8829 | D:9      | Found a snail-covered altar of Cheibriados.
  9048 | D:10     | Entered Level 10 of the Dungeon
  9650 | D:10     | Found Puichoom's Book Boutique.
  9857 | Orc:1    | Entered Level 1 of the Orcish Mines
  9877 | D:9      | Reached XP level 11. HP: 66/83 MP: 19/19
 10426 | Orc:2    | Entered Level 2 of the Orcish Mines
 10426 | Orc:2    | Noticed Azrael
 10458 | Orc:2    | Reached skill level 5 in Conjurations
 10458 | Orc:2    | Reached skill level 5 in Hexes
 10458 | Orc:2    | Reached skill level 5 in Summonings
 10458 | Orc:2    | Reached skill level 5 in Necromancy
 10458 | Orc:2    | Reached skill level 5 in Translocations
 10458 | Orc:2    | Reached skill level 5 in Transmutations
 10458 | Orc:2    | Reached skill level 5 in Fire Magic
 10458 | Orc:2    | Reached skill level 5 in Ice Magic
 10458 | Orc:2    | Reached skill level 5 in Air Magic
 10458 | Orc:2    | Reached skill level 5 in Earth Magic
 10458 | Orc:2    | Reached skill level 5 in Poison Magic
 10859 | Orc:1    | Killed from afar by Azrael

Illustrated notes

Levels and vault maps discovered:
D:1:      wander_arrival_fairy_ring, layout_rooms
D:2:      layout_basic, hangedman_decor_points, chequers_serial_rivers_small_b,
          minmay_pentomino_t2
D:3:      layout_rooms, serial_shops, shop_statue, shop,
          shapermc_ecumenical_altar_notcrosses, uniq_ijyb, uniq_grinder
D:4:      layout_basic, corexii_leaking_fountain, chequers_arboretum,
          grunt_decor_resistance
D:5:      layout_basic, nicolae_overflow_hidden_temple
D:6:      layout_loops_cross, amcnicky_altar_gilded,
          grunt_dithmenos_smoke_and_mirrors, chequers_garden,
          lightli_corner_chamber
D:7:      nicolae_cairo_tiling_very_big, layout_gridville,
          minmay_temple_entry_mist
D:8:      layout_rooms, mainiacjoe_overflow_paths, lemuel_doored_altar,
          serial_shops, nicolae_shop_hallway_plus
D:9:      layout_loops_cross, kennysheep_mini_moat, zombieorc2_lemuel,
          uniq_psyche
D:10:     lemuel_troll_bridge, layout_irregular_city, serial_shops, shop
Temple:   eino_temple_scatter_basement
Orc:1:    layout_caves
Orc:2:    st_orc_elflike, layout_diamond_mine, uniq_azrael

Skill      XL: |  1  2  3  4  5  6  7  8  9 10 11 |
---------------+----------------------------------+-----
Invocations    | 1 2 3 4 5 6 |  6.8
Short Blades   | 1 2 3 4 5 6 |  6.2
Long Blades    | 1 2 3 4 5 6 |  6.2
Axes           | 1 2 3 4 5 6 |  6.2
Maces & Flails | 1 2 3 4 5 6 |  6.2
Staves         | 1 2 3 4 5 6 |  6.2
Slings         | 1 2 3 4 5 6 |  6.2
Bows           | 1 2 3 4 5 6 |  6.2
Throwing       | 1 2 3 4 5 6 |  6.2
Dodging        | 1 2 3 4 5 6 |  6.2
Stealth        | 1 2 3 4 5 6 |  6.2
Shields        | 1 2 3 4 5 6 |  6.2
Unarmed Combat | 1 2 3 4 5 6 |  6.2
Spellcasting   | 1 2 3 4 5 6 |  6.2
Evocations     | 1 2 3 4 5 6 |  6.2
Fighting       | 3 4 5 6 |  6.7
Conjurations   | 1 2 3 4 5 |  5.1
Hexes          | 1 2 3 4 5 |  5.1
Summonings     | 1 2 3 4 5 |  5.1
Necromancy     | 1 2 3 4 5 |  5.1
Translocations | 1 2 3 4 5 |  5.1
Transmutations | 1 2 3 4 5 |  5.1
Fire Magic     | 1 2 3 4 5 |  5.1
Ice Magic      | 1 2 3 4 5 |  5.1
Air Magic      | 1 2 3 4 5 |  5.1
Earth Magic    | 1 2 3 4 5 |  5.1
Poison Magic   | 1 2 3 4 5 |  5.1
Armour         | 5 6 7 |  7.8
Crossbows      | 7 8 9 |  9.1
Polearms       | 9 10 | 10.5

Action                   |  1- 3 |  4- 6 |  7- 9 | 10-12 || total
-------------------------+-------+-------+-------+-------++-------
Melee: Spear             |    90 |    93 |   229 |   491 ||   903
       Dagger            |    13 |       |       |       ||    13
       Bite              |     5 |     5 |    29 |    46 ||    85
       Punch             |     2 |     3 |     2 |     1 ||     8
Throw: Throwing net      |     1 |     1 |     1 |       ||     3
       Stone             |       |     4 |    19 |    30 ||    53
       Boomerang         |       |       |       |    28 ||    28
       Dart              |       |       |       |     4 ||     4
Evoke: Wand              |       |    11 |     7 |     9 ||    27
  Use: Scroll            |     1 |     1 |    12 |    11 ||    25
       Potion            |       |     2 |     2 |     4 ||     8
 Stab: Held in net/web   |       |       |     1 |       ||     1
       Invisible         |       |       |       |     2 ||     2
Armor: Scale mail        |    21 |    25 |    22 |       ||    68
       Chain mail        |       |       |    18 |       ||    18
       Plate armour      |       |       |    33 |   188 ||   221
Dodge: Dodged            |    26 |    48 |    54 |   114 ||   242
Block: Buckler           |       |       |       |    67 ||    67

Table legend: (Time is in decaauts)
 A = Elapsed time spent in this place.
 B = Non-inter-level travel time spent in this place.
 C = Inter-level travel time spent in this place.
 D = Time resting spent in this place.
 E = Time spent auto-exploring this place.
 F = Levels seen in this place.
 G = Mean time per level.
                   A        B        C        D        E       F      G
               +--------+--------+--------+--------+--------+-----+--------+
         Total |  10513 |  10282 |    231 |   2216 |   5132 |  13 |  808.7 |
       Dungeon |   9640 |   9409 |    231 |   1883 |   4888 |  10 |  964.0 |
        Temple |     14 |     14 |      0 |      0 |      1 |   1 |   14.0 |
  Orcish Mines |    858 |    858 |      0 |    333 |    243 |   2 |  429.0 |
               +--------+--------+--------+--------+--------+-----+--------+

Top non-repeatable levels by time:
     D:7: 1711 daAuts
     D:9: 1398 daAuts
     D:2: 1218 daAuts
     D:5: 1110 daAuts
     D:6: 1044 daAuts
   Orc:1: 808 daAuts
     D:8: 750 daAuts
    D:10: 641 daAuts
     D:1: 606 daAuts
     D:4: 599 daAuts
     D:3: 559 daAuts
   Orc:2: 49 daAuts
  Temple: 14 daAuts
